Penguins vs Capitals
Created - July 16, 2022 at 19:04
Goals
|
| Penguins |
0 |
0 |
3 |
3 |
| Capitals |
0 |
2 |
3 |
5 |
|
Shots
|
| Penguins |
5 |
8 |
18 |
31 |
| Capitals |
5 |
13 |
9 |
27 |
|
1st period
No Goal
Penalties :
Joe Thornton (Was) for Tripping (Minor) at 0:09, Keith Aulie (Pit) for Tripping (Minor) at 3:49, Nikita Kucherov (Pit) for Hooking (Minor) at 18:00
2nd period
1. Capitals , Alexander Radulov 1 (Sergey Kalinin 3, Patrick Sharp 3) at 5:44
2. Capitals , Jason Spezza 2 (Cody Hodgson 7) at 6:10 (PP)
Penalties :
Jamie Benn (Pit) for Roughing (Minor) at 6:08, Jeff Skinner (Pit) for Cross-checking (Minor) at 10:52
3rd period
3. Penguins , Nikita Kucherov 5 (Steven Stamkos 11, Jamie Benn 1) at 3:13
4. Penguins , Steven Stamkos 3 (Keith Aulie 6, Jamie Benn 2) at 3:26
5. Capitals , Jason Spezza 3 (Logan Couture 1) at 5:36
6. Capitals , Joe Thornton 4 (Patrick Kane 9, Cody Hodgson 8) at 10:37
7. Penguins , Steven Stamkos 4 (Cal Clutterbuck 4) at 12:30 (SH)
8. Capitals , Sergey Kalinin 2 (Jason Spezza 2) at 19:53 (Empty Net)
Penalties :
Joe Thornton (Was) for Interference (Minor) at 5:49, Andy Andreoff (Pit) for High sticking (Minor) at 12:16, Alexander Radulov (Was) for Hooking (Minor) at 16:38
Goalie Stats
Viktor Fasth (Pit), 22 saves from 26 shots - (0.846), L, 2-1-1, 59:08 minutes
Cory Schneider (Was), 28 saves from 31 shots - (0.903), W, 4-1-0, 60:00 minutes
Players Stats for Penguins
Player Name G A P +/- PIM S H SB GA TA FO MP PP MP PK MP
------------------------------------------------------------------------------------
Andy Andreoff 0 0 0 0 2 0 0 0 0 0 0/0 8:10 0:00 0:47
Antoine Vermette 0 0 0 0 0 0 0 0 0 0 2/3 8:56 0:00 1:19
Cal Clutterbuck 0 1 1 -1 0 0 0 0 1 0 0/1 15:05 0:00 4:18
Derek Stepan 0 0 0 0 0 2 0 0 0 0 6/10 15:07 2:37 0:00
Jamie Benn 0 2 2 0 2 1 2 0 0 1 1/2 17:06 2:37 0:23
Jeff Skinner 0 0 0 -1 2 2 0 0 0 0 0/0 9:24 0:00 0:00
Joe Colborne 0 0 0 -1 0 1 2 0 0 0 3/8 11:55 0:00 2:30
Joe Pavelski 0 0 0 0 0 2 4 1 0 2 0/0 15:13 2:37 0:00
Justin Schultz 0 0 0 -1 0 0 2 0 1 0 0/0 13:28 0:32 0:34
Keith Aulie 0 1 1 3 2 3 2 0 0 2 0/0 23:46 3:00 3:38
Marcus Foligno 0 0 0 0 0 1 2 0 1 0 0/0 10:09 0:00 2:30
Nick Leddy 0 0 0 1 0 0 0 0 0 0 0/0 18:22 2:25 0:00
Nikita Kucherov 1 0 1 -1 2 3 2 1 0 0 1/2 19:23 3:20 0:00
Oliver Ekman-Larsson 0 0 0 -1 0 3 0 2 0 0 0/0 26:49 3:32 4:49
Robert Hagg 0 0 0 -1 0 1 0 0 0 3 0/0 14:09 0:00 3:09
Sean Zimmerman 0 0 0 -3 0 1 2 3 0 0 0/0 24:27 2:25 3:46
Steven Stamkos 2 1 3 0 0 10 0 1 1 2 17/34 24:02 3:20 4:09
William Nylander 0 0 0 0 0 1 1 0 0 0 1/1 16:26 3:20 0:00
Players Stats for Capitals
Player Name G A P +/- PIM S H SB GA TA FO MP PP MP PK MP
------------------------------------------------------------------------------------
Alexander Radulov 1 0 1 1 2 5 1 1 2 0 0/0 9:46 0:03 0:00
Alexei Marchenko 0 0 0 2 0 1 1 2 1 0 0/0 16:08 0:00 4:00
Blake Pietila 0 0 0 0 0 3 1 1 0 0 0/0 11:09 0:03 0:17
Brad Richardson 0 0 0 0 0 0 3 1 1 0 4/10 11:02 0:03 0:15
Cameron Gaunce 0 0 0 0 0 0 1 1 2 1 0/0 26:51 4:08 1:57
Cody Hodgson 0 2 2 0 0 1 0 0 0 0 9/22 18:51 3:40 0:00
Jared Spurgeon 0 0 0 -1 0 1 1 0 0 0 0/0 16:48 3:50 0:00
Jason Spezza 2 1 3 -1 0 4 3 1 0 0 1/1 18:00 3:40 2:32
Joe Thornton 1 0 1 0 4 4 3 0 0 0 1/2 20:11 3:40 0:00
Logan Couture 0 1 1 -1 0 2 1 0 1 0 10/17 16:17 4:15 3:10
Mark Stone 0 0 0 0 0 1 1 0 0 0 0/0 14:31 4:15 0:00
Milan Michalek 0 0 0 0 0 0 0 0 0 0 0/0 10:13 0:00 0:00
Nikita Zaitsev 0 0 0 1 0 0 0 4 0 1 0/0 20:44 3:50 4:00
Patrick Kane 0 1 1 1 0 2 3 1 0 0 1/1 22:35 4:15 3:08
Patrick Sharp 0 1 1 1 0 0 0 0 0 1 0/0 9:14 0:00 0:00
Sergey Kalinin 1 1 2 2 0 2 1 0 1 0 4/8 13:31 0:00 2:32
Trevor Daley 0 0 0 0 0 1 1 0 1 1 0/0 12:22 0:00 0:00
Victor Hedman 0 0 0 0 0 0 2 3 1 0 0/0 25:47 4:08 1:57
3 Stars
1 - Jason Spezza (Was)
2 - Steven Stamkos (Pit)
3 - Sergey Kalinin (Was)
Power Play
Penguins - 0 on 3 Attempt(s) - 0.00%
Capitals - 1 on 5 Attempt(s) - 20.00%
Penalty Kill
Penguins - 4 on 5 Attempt(s) - 80.00%
- Score 1 goal in Penalty Kill
Capitals - 3 on 3 Attempt(s) - 100.00%
- Score 0 goal in Penalty Kill
Team Stat
Penguins - Hits : 19 - Faceoff Wins : 31 - Blocked Shots : 8 - Penalty Minutes : 10
Capitals - Hits : 23 - Faceoff Wins : 30 - Blocked Shots : 15 - Penalty Minutes : 6
Official
Referees : Conor O'Donnell and Kyle Rehman
Linesman : Kyle Flemington and Michel Cormier
Game Notes
Sergey Kalinin has scored in a empty net!
Finance
Level 1 -- Attendance: 6000 (100.00%) -- Ticket Income $600,000
Level 2 -- Attendance: 5000 (100.00%) -- Ticket Income $300,000
Level 3 -- Attendance: 2000 (100.00%) -- Ticket Income $70,000
Level 4 -- Attendance: 4000 (100.00%) -- Ticket Income $100,000
Luxury Box -- Attendance: 1000 (100.00%) -- Ticket Income $200,000
Game was played at the Capital One Arena.
Total Attendance: 18000 (100.00%)
Total Ticket Income: $1,270,000
Other Income: $190,500
Total Income: $1,460,500
Penguins
5 vs 5 Forward
Center Left Wing Right Wing Time % Phy DF OF
1 Steven Stamkos Jamie Benn Nikita Kucherov 40 1 2 2
2 Derek Stepan William Nylander Joe Pavelski 30 1 2 2
3 Joe Colborne Jeff Skinner Cal Clutterbuck 20 1 2 2
4 Antoine Vermette Andy Andreoff Marcus Foligno 10 1 2 2
5 vs 5 Defense
Defense Defense Time % Phy DF OF
1 Oliver Ekman-Larsson Sean Zimmerman 40 1 2 2
2 Keith Aulie Nick Leddy 30 1 2 2
3 Justin Schultz Robert Hagg 20 1 2 2
4 Oliver Ekman-Larsson Keith Aulie 10 1 2 2
PowerPlay Forward
Center Left Wing Right Wing Time % Phy DF OF
1 Steven Stamkos William Nylander Nikita Kucherov 60 0 0 5
2 Derek Stepan Jamie Benn Joe Pavelski 40 0 0 5
PowerPlay Defense
Defense Defense Time % Phy DF OF
1 Oliver Ekman-Larsson Keith Aulie 60 0 1 4
2 Sean Zimmerman Nick Leddy 40 0 1 4
Penalty Kill 4 Players Forward
Center Wing Time % Phy DF OF
1 Steven Stamkos Cal Clutterbuck 60 1 4 0
2 Joe Colborne Marcus Foligno 40 1 4 0
Penalty Kill 4 Players Defense
Defense Defense Time % Phy DF OF
1 Oliver Ekman-Larsson Keith Aulie 60 1 4 0
2 Sean Zimmerman Robert Hagg 40 1 4 0
Penalty Kill - 3 Players Forward
Forward Time % Phy DF OF
1 Cal Clutterbuck 60 1 4 0
2 Marcus Foligno 40 1 4 0
Penalty Kill - 3 Players Defense
Defense Defense Time % Phy DF OF
1 Oliver Ekman-Larsson Keith Aulie 60 1 4 0
2 Sean Zimmerman Robert Hagg 40 1 4 0
4 vs 4 Forward
Center Wing Time % Phy DF OF
1 Steven Stamkos Nikita Kucherov 60 1 0 4
2 Derek Stepan Joe Pavelski 40 1 0 4
4 vs 4 Defense
Defense Defense Time % Phy DF OF
1 Oliver Ekman-Larsson Keith Aulie 60 1 2 2
2 Sean Zimmerman Nick Leddy 40 1 2 2
Last Minutes Offensive
Center Left Wing Right Wing Defense Defense
Steven Stamkos William Nylander Nikita Kucherov Oliver Ekman-Larsson Keith Aulie
Last Minutes Defensive
Center Left Wing Right Wing Defense Defense
Joe Colborne Jamie Benn Cal Clutterbuck Oliver Ekman-Larsson Keith Aulie
Goaltenders
Starting : Viktor Fasth
Backup : Jacob Markstrom
Extra Forwards
Normal : Nikita Kucherov, Jamie Benn, Cal Clutterbuck - PP : Nikita Kucherov, Jeff Skinner - PK : Cal Clutterbuck
Extra Defensemen
Normal : Oliver Ekman-Larsson, Keith Aulie, Robert Hagg - PP : Oliver Ekman-Larsson - PK : Sean Zimmerman, Oliver Ekman-Larsson
Penalty Shots
Steven Stamkos, Nikita Kucherov, Derek Stepan, Jeff Skinner, Jamie Benn
Scratches
Lars Eller (Healthy), Brandon Tanev (Healthy)
Capitals
5 vs 5 Forward
Center Left Wing Right Wing Time % Phy DF OF
1 Cody Hodgson Joe Thornton Patrick Kane 35 0 1 4
2 Logan Couture Milan Michalek Jason Spezza 27 0 2 3
3 Brad Richardson Blake Pietila Mark Stone 23 0 2 3
4 Sergey Kalinin Patrick Sharp Alexander Radulov 15 0 3 2
5 vs 5 Defense
Defense Defense Time % Phy DF OF
1 Victor Hedman Cameron Gaunce 35 0 3 2
2 Nikita Zaitsev Alexei Marchenko 30 0 4 1
3 Jared Spurgeon Trevor Daley 25 0 4 1
4 Victor Hedman Nikita Zaitsev 10 0 3 2
PowerPlay Forward
Center Left Wing Right Wing Time % Phy DF OF
1 Cody Hodgson Joe Thornton Jason Spezza 55 0 0 5
2 Logan Couture Mark Stone Patrick Kane 45 0 0 5
PowerPlay Defense
Defense Defense Time % Phy DF OF
1 Cameron Gaunce Victor Hedman 60 0 2 3
2 Nikita Zaitsev Jared Spurgeon 40 0 2 3
Penalty Kill 4 Players Forward
Center Wing Time % Phy DF OF
1 Logan Couture Patrick Kane 55 0 4 1
2 Sergey Kalinin Jason Spezza 45 0 4 1
Penalty Kill 4 Players Defense
Defense Defense Time % Phy DF OF
1 Nikita Zaitsev Alexei Marchenko 60 0 4 1
2 Victor Hedman Cameron Gaunce 40 0 4 1
Penalty Kill - 3 Players Forward
Forward Time % Phy DF OF
1 Patrick Kane 60 0 5 0
2 Jason Spezza 40 0 5 0
Penalty Kill - 3 Players Defense
Defense Defense Time % Phy DF OF
1 Alexei Marchenko Victor Hedman 60 0 5 0
2 Cameron Gaunce Nikita Zaitsev 40 0 5 0
4 vs 4 Forward
Center Wing Time % Phy DF OF
1 Cody Hodgson Patrick Kane 60 0 2 3
2 Joe Thornton Jason Spezza 40 0 2 3
4 vs 4 Defense
Defense Defense Time % Phy DF OF
1 Cameron Gaunce Victor Hedman 60 0 2 3
2 Alexei Marchenko Nikita Zaitsev 40 0 2 3
Last Minutes Offensive
Center Left Wing Right Wing Defense Defense
Cody Hodgson Patrick Kane Jason Spezza Nikita Zaitsev Victor Hedman
Last Minutes Defensive
Center Left Wing Right Wing Defense Defense
Sergey Kalinin Milan Michalek Jason Spezza Alexei Marchenko Nikita Zaitsev
Goaltenders
Starting : Cory Schneider
Backup : Chet Pickard
Extra Forwards
Normal : Patrick Kane, Jason Spezza, Cody Hodgson - PP : Patrick Kane, Jason Spezza - PK : Patrick Kane
Extra Defensemen
Normal : Victor Hedman, Nikita Zaitsev, Cameron Gaunce - PP : Cameron Gaunce - PK : Alexei Marchenko, Nikita Zaitsev
Penalty Shots
Cody Hodgson, Patrick Kane, Joe Thornton, Jason Spezza, Mark Stone
Scratches
Brian Ferlin (Healthy), Jujhar Khaira (Healthy), Martins Karsums (Healthy), Taylor Aronson (Healthy)
% Time on Ice - Penguins
Lines # - Real PCT - Wanted PCT - Time Play
Normal Forward
1 - 35% - 40% - 15:46
2 - 28% - 30% - 12:46
3 - 20% - 20% - 9:09
4 - 16% - 10% - 7:23
Normal Defense
1 - 38% - 40% - 17:07
2 - 33% - 30% - 14:56
3 - 23% - 20% - 10:13
4 - 6% - 10% - 2:48
PP Forward
1 - 56% - 60% - 3:20
2 - 44% - 40% - 2:37
PP Defense
1 - 59% - 60% - 3:32
2 - 41% - 40% - 2:25
PK Forward
1 - 69% - 60% - 5:28
2 - 31% - 40% - 2:30
PK Defense
1 - 60% - 60% - 4:49
2 - 40% - 40% - 3:09
PK3 Forward
1 - 0% - 60%
2 - 0% - 40%
PK3 Defense
1 - 0% - 60%
2 - 0% - 40%
44 Forward
1 - 0% - 60%
2 - 0% - 40%
44 Defense
1 - 0% - 60%
2 - 0% - 40%
Last Minute Offensive - 1:01
Last Minute Defensive - 0:00
Total
Forward - 60:00
Defense - 60:00
|
% Time on Ice - Capitals
Lines # - Real PCT - Wanted PCT - Time Play
Normal Forward
1 - 33% - 35% - 15:01
2 - 24% - 27% - 10:50
3 - 23% - 23% - 10:09
4 - 20% - 15% - 9:01
Normal Defense
1 - 36% - 35% - 16:20
2 - 31% - 30% - 14:07
3 - 27% - 25% - 12:22
4 - 5% - 10% - 2:12
PP Forward
1 - 47% - 55% - 3:43
2 - 53% - 45% - 4:15
PP Defense
1 - 52% - 60% - 4:08
2 - 48% - 40% - 3:50
PK Forward
1 - 57% - 55% - 3:25
2 - 43% - 45% - 2:32
PK Defense
1 - 67% - 60% - 4:00
2 - 33% - 40% - 1:57
PK3 Forward
1 - 0% - 60%
2 - 0% - 40%
PK3 Defense
1 - 0% - 60%
2 - 0% - 40%
44 Forward
1 - 0% - 60%
2 - 0% - 40%
44 Defense
1 - 0% - 60%
2 - 0% - 40%
Last Minute Offensive - 0:00
Last Minute Defensive - 1:04
Total
Forward - 60:00
Defense - 60:00
|
Play-by-Play
1st period
0:01 of 1st period - Cody Hodgson wins face-off versus Jamie Benn in neutral zone.
0:09 of 1st period - Minor Penalty to Joe Thornton for Tripping.
0:10 of 1st period - Logan Couture wins face-off versus Steven Stamkos in Capitals zone.
0:24 of 1st period - Wrist shot by Steven Stamkos.
0:24 of 1st period - Stopped by Cory Schneider with a rebound.
0:26 of 1st period - Snap shot by Steven Stamkos.
0:26 of 1st period - Shot Misses the Net.
0:40 of 1st period - Off-side.
0:41 of 1st period - Logan Couture wins face-off versus Derek Stepan in neutral zone.
1:08 of 1st period - Nick Leddy is hit by Cameron Gaunce and loses puck.
1:13 of 1st period - Wrist shot by Sergey Kalinin.
1:13 of 1st period - Shot Hit the Post.
1:15 of 1st period - Slapshot by Alexei Marchenko.
1:15 of 1st period - Stopped by Viktor Fasth without a rebound.
1:16 of 1st period - Logan Couture wins face-off versus Steven Stamkos in Penguins zone.
1:19 of 1st period - Snap shot by Logan Couture.
1:19 of 1st period - Shot Misses the Net.
1:27 of 1st period - Wrist shot by Patrick Kane.
1:27 of 1st period - Shot Misses the Net.
1:39 of 1st period - Slapshot by Keith Aulie.
1:39 of 1st period - Stopped by Cory Schneider with a rebound.
2:01 of 1st period - Sergey Kalinin is hit by Nikita Kucherov and loses puck.
2:09 of 1st period - Penalty to Joe Thornton is over, Joe Thornton is back on ice.
2:40 of 1st period - Slapshot by Sean Zimmerman.
2:40 of 1st period - Shot Misses the Net.
2:54 of 1st period - Wrist shot by Steven Stamkos.
2:54 of 1st period - Stopped by Cory Schneider without a rebound.
2:55 of 1st period - Brad Richardson wins face-off versus Joe Colborne in Capitals zone.
3:21 of 1st period - Patrick Kane is hit by Marcus Foligno and loses puck.
3:49 of 1st period - Minor Penalty to Keith Aulie for Tripping.
3:50 of 1st period - Logan Couture wins face-off versus Steven Stamkos in Penguins zone.
4:18 of 1st period - Oliver Ekman-Larsson is hit by Victor Hedman and loses puck.
4:46 of 1st period - Icing by Patrick Kane.
4:47 of 1st period - Logan Couture wins face-off versus Cal Clutterbuck in Capitals zone.
4:54 of 1st period - Snap shot by Logan Couture.
4:54 of 1st period - Stopped by Viktor Fasth with a rebound.
5:15 of 1st period - Wrist shot by Logan Couture.
5:15 of 1st period - Shot Misses the Net.
5:49 of 1st period - Penalty to Keith Aulie is over, Keith Aulie is back on ice.
5:59 of 1st period - Slapshot by Patrick Kane.
5:59 of 1st period - Shot Blocked by Oliver Ekman-Larsson.
6:07 of 1st period - Patrick Kane is hit by Justin Schultz and loses puck.
6:46 of 1st period - Wrist shot by Steven Stamkos.
6:46 of 1st period - Deflect By Logan Couture.
6:46 of 1st period - Stopped by Cory Schneider with a rebound.
6:48 of 1st period - Slapshot by Justin Schultz.
6:48 of 1st period - Shot Blocked by Nikita Zaitsev.
6:50 of 1st period - Slapshot by Oliver Ekman-Larsson.
6:50 of 1st period - Stopped by Cory Schneider without a rebound.
6:51 of 1st period - Derek Stepan wins face-off versus Sergey Kalinin in Capitals zone.
7:34 of 1st period - Snap shot by Antoine Vermette.
7:34 of 1st period - Shot Blocked by Victor Hedman.
7:56 of 1st period - Cameron Gaunce is hit by William Nylander and loses puck.
8:36 of 1st period - Trevor Daley is hit by Joe Pavelski and loses puck.
10:10 of 1st period - Sergey Kalinin is hit by Sean Zimmerman and loses puck.
10:19 of 1st period - Blake Pietila is hit by Justin Schultz and loses puck.
10:38 of 1st period - Jason Spezza is hit by Joe Colborne and loses puck.
11:17 of 1st period - Milan Michalek is hit by Keith Aulie.
11:35 of 1st period - Wrist shot by Jason Spezza.
11:35 of 1st period - Stopped by Viktor Fasth without a rebound.
11:36 of 1st period - Steven Stamkos wins face-off versus Sergey Kalinin in Penguins zone.
12:54 of 1st period - Jared Spurgeon is hit by Jamie Benn and loses puck.
13:01 of 1st period - Alexei Marchenko is hit by Nikita Kucherov and loses puck.
15:15 of 1st period - Justin Schultz is hit by Joe Thornton and loses puck.
15:26 of 1st period - Snap shot by Marcus Foligno.
15:26 of 1st period - Shot Blocked by Nikita Zaitsev.
15:37 of 1st period - Off-side.
15:38 of 1st period - Derek Stepan wins face-off versus Brad Richardson in neutral zone.
16:03 of 1st period - Slapshot by Logan Couture.
16:03 of 1st period - Shot Misses the Net.
16:41 of 1st period - Trevor Daley is hit by Joe Pavelski and loses puck.
16:52 of 1st period - Snap shot by Derek Stepan.
16:52 of 1st period - Shot Misses the Net.
17:36 of 1st period - Snap shot by Sergey Kalinin.
17:36 of 1st period - Stopped by Viktor Fasth without a rebound.
17:37 of 1st period - Steven Stamkos wins face-off versus Cody Hodgson in Penguins zone.
17:50 of 1st period - Wrist shot by Cody Hodgson.
17:50 of 1st period - Shot Blocked by Sean Zimmerman.
17:52 of 1st period - Slapshot by Joe Thornton.
17:52 of 1st period - Shot Hit the Post.
18:00 of 1st period - Minor Penalty to Nikita Kucherov for Hooking.
18:01 of 1st period - Cody Hodgson wins face-off versus Steven Stamkos in Penguins zone.
18:18 of 1st period - Slapshot by Joe Thornton.
18:18 of 1st period - Stopped by Viktor Fasth with a rebound.
19:46 of 1st period - Mark Stone is hit by Joe Colborne and loses puck.
0:00 of 2nd period - Penalty to Nikita Kucherov is over, Nikita Kucherov is back on ice.
Goals for this period are 0 for Penguins vs 0 for Capitals.
Shots for this period are 5 for Penguins vs 5 for Capitals.
2nd period
0:01 of 2nd period - Steven Stamkos wins face-off versus Cody Hodgson in neutral zone.
0:11 of 2nd period - Victor Hedman is hit by Jamie Benn.
0:28 of 2nd period - Off-side.
0:29 of 2nd period - Derek Stepan wins face-off versus Brad Richardson in neutral zone.
0:54 of 2nd period - Nikita Kucherov is hit by Alexei Marchenko and loses puck.
1:05 of 2nd period - Wrist shot by Patrick Kane.
1:05 of 2nd period - Shot Misses the Net.
1:19 of 2nd period - Snap shot by Joe Colborne.
1:19 of 2nd period - Shot Misses the Net.
1:25 of 2nd period - Wrist shot by Jeff Skinner.
1:25 of 2nd period - Stopped by Cory Schneider with a rebound.
1:39 of 2nd period - Slapshot by Brad Richardson.
1:39 of 2nd period - Deflect By Blake Pietila.
1:39 of 2nd period - Shot Misses the Net.
1:39 of 2nd period - Puck is out of play.
1:40 of 2nd period - Derek Stepan wins face-off versus Brad Richardson in Penguins zone.
2:32 of 2nd period - Snap shot by Logan Couture.
2:32 of 2nd period - Stopped by Viktor Fasth with a rebound.
2:53 of 2nd period - Icing by Robert Hagg.
2:54 of 2nd period - Joe Thornton wins face-off versus Antoine Vermette in Penguins zone.
3:21 of 2nd period - Robert Hagg is hit by Brad Richardson and loses puck.
3:30 of 2nd period - Wrist shot by Mark Stone.
3:30 of 2nd period - Stopped by Viktor Fasth with a rebound.
3:40 of 2nd period - Slapshot by Justin Schultz.
3:40 of 2nd period - Deflect By Joe Pavelski.
3:40 of 2nd period - Shot Blocked by Alexei Marchenko.
3:40 of 2nd period - Puck is out of play.
3:41 of 2nd period - Derek Stepan wins face-off versus Logan Couture in Capitals zone.
4:06 of 2nd period - Joe Thornton is hit by Sean Zimmerman and loses puck.
4:11 of 2nd period - Wrist shot by Nikita Kucherov.
4:11 of 2nd period - Deflect By Steven Stamkos.
4:11 of 2nd period - Shot Misses the Net.
4:11 of 2nd period - Puck is out of play.
4:12 of 2nd period - Jamie Benn wins face-off versus Cody Hodgson in Capitals zone.
4:29 of 2nd period - Wrist shot by Patrick Kane.
4:29 of 2nd period - Stopped by Viktor Fasth with a rebound.
5:20 of 2nd period - Icing by Sergey Kalinin.
5:21 of 2nd period - Antoine Vermette wins face-off versus Sergey Kalinin in Capitals zone.
5:40 of 2nd period - Slapshot by Alexander Radulov.
5:40 of 2nd period - Stopped by Viktor Fasth with a rebound.
5:42 of 2nd period - Snap shot by Sergey Kalinin.
5:42 of 2nd period - Shot Misses the Net.
5:44 of 2nd period - Snap shot by Alexander Radulov.
5:44 of 2nd period - Goal by Alexander Radulov - Penguins : 0 - Capitals : 1.
5:45 of 2nd period - Cody Hodgson wins face-off versus Steven Stamkos in neutral zone.
5:52 of 2nd period - Wrist shot by Patrick Kane.
5:52 of 2nd period - Shot Blocked by Sean Zimmerman.
6:02 of 2nd period - Snap shot by Cody Hodgson.
6:02 of 2nd period - Stopped by Viktor Fasth with a rebound.
6:08 of 2nd period - Minor Penalty to Jamie Benn for Roughing.
6:09 of 2nd period - Cody Hodgson wins face-off versus Steven Stamkos in Penguins zone.
6:10 of 2nd period - Slapshot by Jason Spezza.
6:10 of 2nd period - Goal by Jason Spezza - Penguins : 0 - Capitals : 2.
6:11 of 2nd period - Cody Hodgson wins face-off versus Steven Stamkos in neutral zone.
6:14 of 2nd period - Sean Zimmerman is hit by Patrick Kane and loses puck.
6:37 of 2nd period - Oliver Ekman-Larsson is hit by Brad Richardson.
8:24 of 2nd period - Oliver Ekman-Larsson is hit by Jason Spezza and loses puck.
9:03 of 2nd period - Snap shot by Joe Thornton.
9:03 of 2nd period - Stopped by Viktor Fasth with a rebound.
9:05 of 2nd period - Wrist shot by Cody Hodgson.
9:05 of 2nd period - Shot Misses the Net.
9:19 of 2nd period - Sean Zimmerman is hit by Trevor Daley and loses puck.
9:28 of 2nd period - Snap shot by Marcus Foligno.
9:28 of 2nd period - Stopped by Cory Schneider without a rebound.
9:29 of 2nd period - Steven Stamkos wins face-off versus Brad Richardson in Capitals zone.
9:54 of 2nd period - Nick Leddy is hit by Sergey Kalinin.
10:00 of 2nd period - Backhand shot by Keith Aulie.
10:00 of 2nd period - Shot Misses the Net.
10:18 of 2nd period - Wrist shot by Patrick Kane.
10:18 of 2nd period - Shot Misses the Net.
10:20 of 2nd period - Slapshot by Trevor Daley.
10:20 of 2nd period - Stopped by Viktor Fasth without a rebound.
10:21 of 2nd period - William Nylander wins face-off versus Cody Hodgson in Penguins zone.
10:32 of 2nd period - Keith Aulie is hit by Patrick Kane and loses puck.
10:39 of 2nd period - Wrist shot by Joe Thornton.
10:39 of 2nd period - Stopped by Viktor Fasth without a rebound.
10:40 of 2nd period - Jason Spezza wins face-off versus Joe Colborne in Penguins zone.
10:52 of 2nd period - Minor Penalty to Jeff Skinner for Cross-checking.
10:53 of 2nd period - Steven Stamkos wins face-off versus Cody Hodgson in Penguins zone.
12:52 of 2nd period - Penalty to Jeff Skinner is over, Jeff Skinner is back on ice.
12:52 of 2nd period - Slapshot by Keith Aulie.
12:52 of 2nd period - Shot Misses the Net.
12:58 of 2nd period - Jeff Skinner is hit by Brad Richardson and loses puck.
13:05 of 2nd period - Slapshot by Blake Pietila.
13:05 of 2nd period - Stopped by Viktor Fasth with a rebound.
13:07 of 2nd period - Slapshot by Alexander Radulov.
13:07 of 2nd period - Stopped by Viktor Fasth without a rebound.
13:08 of 2nd period - Sergey Kalinin wins face-off versus Derek Stepan in Penguins zone.
14:15 of 2nd period - Wrist shot by Logan Couture.
14:15 of 2nd period - Shot Misses the Net.
15:02 of 2nd period - Snap shot by Steven Stamkos.
15:02 of 2nd period - Stopped by Cory Schneider with a rebound.
15:04 of 2nd period - Slapshot by Keith Aulie.
15:04 of 2nd period - Stopped by Cory Schneider without a rebound.
15:05 of 2nd period - Cody Hodgson wins face-off versus Steven Stamkos in Capitals zone.
15:31 of 2nd period - Cameron Gaunce is hit by Joe Pavelski and loses puck.
15:54 of 2nd period - Snap shot by Jeff Skinner.
15:54 of 2nd period - Stopped by Cory Schneider without a rebound.
15:55 of 2nd period - Sergey Kalinin wins face-off versus Joe Colborne in Capitals zone.
16:00 of 2nd period - Cal Clutterbuck is hit by Alexander Radulov and loses puck.
16:21 of 2nd period - Snap shot by Alexander Radulov.
16:21 of 2nd period - Stopped by Viktor Fasth without a rebound.
16:22 of 2nd period - Cody Hodgson wins face-off versus Steven Stamkos in Penguins zone.
16:37 of 2nd period - Slapshot by Cody Hodgson.
16:37 of 2nd period - Shot Misses the Net.
16:49 of 2nd period - Logan Couture is hit by Joe Pavelski and loses puck.
16:56 of 2nd period - Snap shot by Derek Stepan.
16:56 of 2nd period - Shot Misses the Net.
16:58 of 2nd period - Wrist shot by William Nylander.
16:58 of 2nd period - Stopped by Cory Schneider with a rebound.
17:00 of 2nd period - Slapshot by Oliver Ekman-Larsson.
17:00 of 2nd period - Stopped by Cory Schneider without a rebound.
17:01 of 2nd period - Cody Hodgson wins face-off versus Joe Colborne in Capitals zone.
17:15 of 2nd period - Off-side.
17:16 of 2nd period - Brad Richardson wins face-off versus Nikita Kucherov in neutral zone.
17:19 of 2nd period - Snap shot by Brad Richardson.
17:19 of 2nd period - Deflect By Blake Pietila.
17:19 of 2nd period - Shot Misses the Net.
17:19 of 2nd period - Puck is out of play.
17:20 of 2nd period - Brad Richardson wins face-off versus Steven Stamkos in Penguins zone.
17:33 of 2nd period - Wrist shot by Nikita Kucherov.
17:33 of 2nd period - Shot Misses the Net.
17:35 of 2nd period - Slapshot by Steven Stamkos.
17:35 of 2nd period - Stopped by Cory Schneider with a rebound.
17:37 of 2nd period - Wrist shot by Oliver Ekman-Larsson.
17:37 of 2nd period - Shot Blocked by Brad Richardson.
17:51 of 2nd period - Wrist shot by Derek Stepan.
17:51 of 2nd period - Shot Misses the Net.
17:55 of 2nd period - Wrist shot by Joe Pavelski.
17:55 of 2nd period - Shot Blocked by Victor Hedman.
18:48 of 2nd period - Antoine Vermette is hit by Mark Stone and loses puck.
19:02 of 2nd period - Brad Richardson is hit by Marcus Foligno and loses puck.
19:38 of 2nd period - Off-side.
19:39 of 2nd period - Steven Stamkos wins face-off versus Joe Thornton in neutral zone.
19:45 of 2nd period - Off-side.
19:46 of 2nd period - Steven Stamkos wins face-off versus Cody Hodgson in neutral zone.
Goals for this period are 0 for Penguins vs 2 for Capitals.
Shots for this period are 8 for Penguins vs 13 for Capitals.
3rd period
0:01 of 3rd period - Steven Stamkos wins face-off versus Cody Hodgson in neutral zone.
0:06 of 3rd period - Snap shot by Jamie Benn.
0:06 of 3rd period - Shot Misses the Net.
0:08 of 3rd period - Snap shot by Jamie Benn.
0:08 of 3rd period - Shot Blocked by Victor Hedman.
0:10 of 3rd period - Snap shot by Jamie Benn.
0:10 of 3rd period - Shot Blocked by Cameron Gaunce.
0:16 of 3rd period - Wrist shot by Nikita Kucherov.
0:16 of 3rd period - Shot Misses the Net.
0:52 of 3rd period - Derek Stepan is hit by Joe Thornton and loses puck.
1:17 of 3rd period - Wrist shot by Joe Pavelski.
1:17 of 3rd period - Stopped by Cory Schneider with a rebound.
1:19 of 3rd period - Wrist shot by Joe Pavelski.
1:19 of 3rd period - Shot Misses the Net.
1:21 of 3rd period - Slapshot by Sean Zimmerman.
1:21 of 3rd period - Shot Misses the Net.
1:35 of 3rd period - Wrist shot by Joe Pavelski.
1:35 of 3rd period - Shot Blocked by Patrick Kane.
1:37 of 3rd period - Slapshot by Sean Zimmerman.
1:37 of 3rd period - Stopped by Cory Schneider with a rebound.
2:15 of 3rd period - Snap shot by Derek Stepan.
2:15 of 3rd period - Stopped by Cory Schneider with a rebound.
2:17 of 3rd period - Snap shot by Joe Pavelski.
2:17 of 3rd period - Shot Misses the Net.
2:19 of 3rd period - Backhand shot by Oliver Ekman-Larsson.
2:19 of 3rd period - Deflect By Patrick Kane.
2:19 of 3rd period - Stopped by Cory Schneider without a rebound.
2:20 of 3rd period - Logan Couture wins face-off versus Steven Stamkos in Capitals zone.
2:47 of 3rd period - Slapshot by Alexander Radulov.
2:47 of 3rd period - Deflect By Sergey Kalinin.
2:47 of 3rd period - Shot Misses the Net.
2:47 of 3rd period - Puck is out of play.
2:48 of 3rd period - Joe Colborne wins face-off versus Sergey Kalinin in Penguins zone.
3:01 of 3rd period - Snap shot by Joe Colborne.
3:01 of 3rd period - Deflect By Alexander Radulov.
3:01 of 3rd period - Shot Blocked by Alexander Radulov.
3:01 of 3rd period - Puck is out of play.
3:02 of 3rd period - Steven Stamkos wins face-off versus Logan Couture in Capitals zone.
3:05 of 3rd period - Snap shot by Steven Stamkos.
3:05 of 3rd period - Shot Misses the Net.
3:07 of 3rd period - Slapshot by Keith Aulie.
3:07 of 3rd period - Stopped by Cory Schneider with a rebound.
3:09 of 3rd period - Wrist shot by Jamie Benn.
3:09 of 3rd period - Shot Hit the Post.
3:11 of 3rd period - Slapshot by Steven Stamkos.
3:11 of 3rd period - Stopped by Cory Schneider with a rebound.
3:13 of 3rd period - Slapshot by Nikita Kucherov.
3:13 of 3rd period - Goal by Nikita Kucherov - Penguins : 1 - Capitals : 2.
3:14 of 3rd period - Logan Couture wins face-off versus Steven Stamkos in neutral zone.
3:24 of 3rd period - Wrist shot by Keith Aulie.
3:24 of 3rd period - Deflect By Jamie Benn.
3:24 of 3rd period - Stopped by Cory Schneider with a rebound.
3:26 of 3rd period - Slapshot by Keith Aulie.
3:26 of 3rd period - Deflect By Steven Stamkos.
3:26 of 3rd period - Goal by Steven Stamkos - Penguins : 2 - Capitals : 2.
3:27 of 3rd period - Logan Couture wins face-off versus Steven Stamkos in neutral zone.
3:30 of 3rd period - Nikita Kucherov is hit by Logan Couture and loses puck.
4:26 of 3rd period - Snap shot by Joe Colborne.
4:26 of 3rd period - Shot Blocked by Blake Pietila.
4:28 of 3rd period - Backhand shot by Oliver Ekman-Larsson.
4:28 of 3rd period - Shot Blocked by Alexei Marchenko.
4:30 of 3rd period - Snap shot by Jeff Skinner.
4:30 of 3rd period - Deflect By Joe Colborne.
4:30 of 3rd period - Stopped by Cory Schneider without a rebound.
4:31 of 3rd period - Steven Stamkos wins face-off versus Logan Couture in Capitals zone.
4:32 of 3rd period - Snap shot by Nikita Kucherov.
4:32 of 3rd period - Stopped by Cory Schneider with a rebound.
5:01 of 3rd period - Slapshot by Oliver Ekman-Larsson.
5:01 of 3rd period - Shot Misses the Net.
5:03 of 3rd period - Slapshot by William Nylander.
5:03 of 3rd period - Shot Misses the Net.
5:32 of 3rd period - Slapshot by Joe Thornton.
5:32 of 3rd period - Deflect By Patrick Kane.
5:32 of 3rd period - Stopped by Viktor Fasth without a rebound.
5:33 of 3rd period - Logan Couture wins face-off versus Steven Stamkos in Penguins zone.
5:36 of 3rd period - Snap shot by Jason Spezza.
5:36 of 3rd period - Goal by Jason Spezza - Penguins : 2 - Capitals : 3.
5:37 of 3rd period - Steven Stamkos wins face-off versus Cody Hodgson in neutral zone.
5:49 of 3rd period - Minor Penalty to Joe Thornton for Interference.
5:50 of 3rd period - Steven Stamkos wins face-off versus Logan Couture in Capitals zone.
6:00 of 3rd period - Slapshot by Nikita Kucherov.
6:00 of 3rd period - Deflect By Steven Stamkos.
6:00 of 3rd period - Stopped by Cory Schneider with a rebound.
6:02 of 3rd period - Slapshot by Oliver Ekman-Larsson.
6:02 of 3rd period - Shot Blocked by Nikita Zaitsev.
6:04 of 3rd period - Snap shot by Steven Stamkos.
6:04 of 3rd period - Shot Misses the Net.
6:06 of 3rd period - Snap shot by Steven Stamkos.
6:06 of 3rd period - Stopped by Cory Schneider without a rebound.
6:07 of 3rd period - Steven Stamkos wins face-off versus Logan Couture in Capitals zone.
6:08 of 3rd period - Snap shot by Nikita Kucherov.
6:08 of 3rd period - Stopped by Cory Schneider without a rebound.
6:09 of 3rd period - Steven Stamkos wins face-off versus Logan Couture in Capitals zone.
6:35 of 3rd period - Off-side.
6:36 of 3rd period - Sergey Kalinin wins face-off versus Derek Stepan in neutral zone.
6:53 of 3rd period - Snap shot by Derek Stepan.
6:53 of 3rd period - Shot Blocked by Jason Spezza.
7:03 of 3rd period - Nikita Kucherov is hit by Patrick Kane and loses puck.
7:38 of 3rd period - Sergey Kalinin is hit by Keith Aulie and loses puck.
7:49 of 3rd period - Penalty to Joe Thornton is over, Joe Thornton is back on ice.
8:55 of 3rd period - Off-side.
8:56 of 3rd period - Derek Stepan wins face-off versus Brad Richardson in neutral zone.
9:07 of 3rd period - Slapshot by Mark Stone.
9:07 of 3rd period - Shot Blocked by Joe Pavelski.
9:11 of 3rd period - Snap shot by Blake Pietila.
9:11 of 3rd period - Shot Misses the Net.
9:39 of 3rd period - Off-side.
9:40 of 3rd period - Steven Stamkos wins face-off versus Cody Hodgson in neutral zone.
10:15 of 3rd period - Wrist shot by Joe Pavelski.
10:15 of 3rd period - Stopped by Cory Schneider with a rebound.
10:17 of 3rd period - Slapshot by Robert Hagg.
10:17 of 3rd period - Stopped by Cory Schneider without a rebound.
10:18 of 3rd period - Cody Hodgson wins face-off versus Joe Colborne in Capitals zone.
10:25 of 3rd period - Wrist shot by Cody Hodgson.
10:25 of 3rd period - Deflect By Patrick Kane.
10:25 of 3rd period - Shot Misses the Net.
10:25 of 3rd period - Puck is out of play.
10:26 of 3rd period - Joe Colborne wins face-off versus Cody Hodgson in Penguins zone.
10:37 of 3rd period - Slapshot by Joe Thornton.
10:37 of 3rd period - Goal by Joe Thornton - Penguins : 2 - Capitals : 4.
10:38 of 3rd period - Patrick Kane wins face-off versus Steven Stamkos in neutral zone.
10:51 of 3rd period - Off-side.
10:52 of 3rd period - Logan Couture wins face-off versus Steven Stamkos in neutral zone.
11:19 of 3rd period - William Nylander is hit by Joe Thornton and loses puck.
12:00 of 3rd period - Wrist shot by Sergey Kalinin.
12:00 of 3rd period - Shot Misses the Net.
12:06 of 3rd period - Slapshot by Alexander Radulov.
12:06 of 3rd period - Stopped by Viktor Fasth with a rebound.
12:08 of 3rd period - Wrist shot by Alexander Radulov.
12:08 of 3rd period - Shot Misses the Net.
12:16 of 3rd period - Minor Penalty to Andy Andreoff for High sticking.
12:17 of 3rd period - Steven Stamkos wins face-off versus Cody Hodgson in Penguins zone.
12:30 of 3rd period - Snap shot by Steven Stamkos.
12:30 of 3rd period - Goal by Steven Stamkos - Penguins : 3 - Capitals : 4.
12:31 of 3rd period - Steven Stamkos wins face-off versus Cody Hodgson in neutral zone.
13:03 of 3rd period - Cal Clutterbuck is hit by Jared Spurgeon and loses puck.
14:16 of 3rd period - Penalty to Andy Andreoff is over, Andy Andreoff is back on ice.
14:23 of 3rd period - Snap shot by Derek Stepan.
14:23 of 3rd period - Shot Misses the Net.
14:27 of 3rd period - Snap shot by Derek Stepan.
14:27 of 3rd period - Stopped by Cory Schneider without a rebound.
14:28 of 3rd period - Sergey Kalinin wins face-off versus Derek Stepan in Capitals zone.
14:57 of 3rd period - Slapshot by Blake Pietila.
14:57 of 3rd period - Stopped by Viktor Fasth without a rebound.
14:58 of 3rd period - Brad Richardson wins face-off versus Steven Stamkos in Penguins zone.
15:08 of 3rd period - Slapshot by Trevor Daley.
15:08 of 3rd period - Shot Blocked by Oliver Ekman-Larsson.
15:12 of 3rd period - Snap shot by Brad Richardson.
15:12 of 3rd period - Shot Blocked by Nikita Kucherov.
15:14 of 3rd period - Slapshot by Jared Spurgeon.
15:14 of 3rd period - Stopped by Viktor Fasth with a rebound.
15:16 of 3rd period - Slapshot by Trevor Daley.
15:16 of 3rd period - Shot Misses the Net.
15:18 of 3rd period - Wrist shot by Blake Pietila.
15:18 of 3rd period - Shot Blocked by Sean Zimmerman.
15:20 of 3rd period - Slapshot by Blake Pietila.
15:20 of 3rd period - Stopped by Viktor Fasth without a rebound.
15:21 of 3rd period - Joe Colborne wins face-off versus Cody Hodgson in Penguins zone.
15:21 of 3rd period - Joe Colborne is hit by Victor Hedman.
15:47 of 3rd period - Jamie Benn is hit by Jason Spezza and loses puck.
16:10 of 3rd period - Wrist shot by Joe Pavelski.
16:10 of 3rd period - Shot Blocked by Nikita Zaitsev.
16:16 of 3rd period - Joe Pavelski is hit by Blake Pietila and loses puck.
16:38 of 3rd period - Minor Penalty to Alexander Radulov for Hooking.
16:39 of 3rd period - Nikita Kucherov wins face-off versus Logan Couture in Capitals zone.
16:56 of 3rd period - Slapshot by Logan Couture.
16:56 of 3rd period - Shot Blocked by Steven Stamkos.
17:33 of 3rd period - Snap shot by Jason Spezza.
17:33 of 3rd period - Stopped by Viktor Fasth with a rebound.
18:38 of 3rd period - Penalty to Alexander Radulov is over, Alexander Radulov is back on ice.
19:01 of 3rd period - Penguins, Viktor Fasth is pulled from the net.
19:05 of 3rd period - Snap shot by Nikita Kucherov.
19:05 of 3rd period - Shot Misses the Net.
19:13 of 3rd period - Sean Zimmerman is hit by Jason Spezza and loses puck.
19:20 of 3rd period - Wrist shot by Sergey Kalinin.
19:20 of 3rd period - Shot Misses the Net.
19:53 of 3rd period - Wrist shot by Sergey Kalinin.
19:53 of 3rd period - Goal by Sergey Kalinin - Penguins : 3 - Capitals : 5.
19:53 of 3rd period - Viktor Fasth from Penguins was sent back in the game.
19:54 of 3rd period - Antoine Vermette wins face-off versus Brad Richardson in neutral zone.
Goals for this period are 3 for Penguins vs 3 for Capitals.
Shots for this period are 18 for Penguins vs 9 for Capitals.